 Dungeon Crawl Stone Soup version 0.28.0-53-g5a82cb258f (webtiles) character file.

Game seed: 13053707795365303778

160 PentaManta the Ducker (level 5, -2/37 HPs)
             Began as a Merfolk Transmuter on June 5, 2022.
             Splashed by a jelly's acid (9 damage)
             ... on level 2 of the Dungeon.
             The game lasted 00:06:56 (4283 turns).

PentaManta the Ducker (Merfolk Transmuter)          Turns: 4283, Time: 00:06:57

Health: -2/37      AC: -3    Str: 11    XL:     5   Next: 41%
Magic:  8/8        EV: 13    Int: 14    God:
Gold:   109        SH:  0    Dex: 14    Spells: 4/8 levels left

rFire   . . .      SeeInvis .     - Unarmed
rCold   . . .      Faith    .   (no shield)
rNeg    . . .      Spirit   .   k - +2 robe {Archmagi}
rPois   .          Reflect  .   (no helmet)
rElec   .          Harm     .   e - +0 cloak
rCorr   .          Rampage  .   (no gloves)
Will    .....      Archmagi +   (no boots)
Stlth   +.........              (no amulet)
HPRegen 0.12/turn               (no ring)
MPRegen 0.11/turn               (no ring)

@: corroded
A: (nimble swimmer 2), mertail
a: no special abilities


You were on level 2 of the Dungeon.
You visited 1 branch of the dungeon, and saw 3 of its levels.

You collected 109 gold pieces.

Inventory:

Hand Weapons
 m - a +1 dagger of venom
Missiles
 d - 77 stones
 l - a throwing net
Armour
 e - a +0 cloak (worn)
 i - a +0 ring mail
 k - a +2 robe of the Archmagi (worn)
Scrolls
 a - a scroll of noise {unknown}
 f - a scroll of teleportation {unknown}
 g - a scroll of enchant armour {unknown}
 j - a scroll of fear {unknown}
Potions
 b - 3 potions of might {unknown}
 c - a potion of ambrosia {unknown}
 h - a potion of attraction {unknown}


   Skills:
 - Level 1.1 Fighting
 + Level 4.6 Dodging
 + Level 4.6 Unarmed Combat
 - Level 2.0 Spellcasting
 + Level 4.6 Transmutations


You had 4 spell levels left.
You knew the following spells:

 Your Spells              Type           Power      Damage    Failure   Level
a - Beastly Appendage     Tmut           42%        N/A       3%          1
b - Spider Form           Tmut/Pois      11%        N/A       26%         3

Your spell library contained the following spells:

 Spells                   Type           Power      Damage    Failure   Level
 Wereblood                Tmut           21%        N/A       5%          2
 Sting                    Tmut/Pois      44%        1d5       9%          1
 Poisonous Vapours        Pois/Air       4%         N/A       34%         2
 Ice Form                 Ice/Tmut       11%        N/A       65%         4
 Olgreb's Toxic Radiance  Pois           2%         N/A       93%         4


Dungeon Overview and Level Annotations

Branches:
Dungeon (3/15)

Altars:


Innate Abilities, Weirdness & Mutations

((You are very nimble when in or above water. (Stealth+, EV+, Speed+++)))
Your lower body shifts to a powerful aquatic tail in water.


Message History

You hit the endoplasm but do no damage. The endoplasm closely misses you.
You hit the endoplasm.
The endoplasm is heavily wounded.
The endoplasm freezes you.
You are frozen.
You hit the endoplasm.
You kill the endoplasm!
There is a stone staircase leading down here.
You start resting.
A jelly is nearby!
Casting: Beastly Appendage (safe; 3% risk of failure)
Confirm with . or Enter, or press ? or * to list all spells.
You feel a surge of power!
You grow a pair of large bovine horns.
The jelly quivers.
Press: ? - help, v - describe, . - travel
Here: a jelly The floor.
A jelly is nearby!
Unknown command.
You barely miss the jelly.
Your transformation is almost over.
The jelly closely misses you.
You barely miss the jelly. You headbutt the jelly.
The jelly is lightly wounded.
The jelly hits you but does no damage.
You hit the jelly.
Your hands burn!
You headbutt the jelly.
The jelly is moderately wounded.
The jelly misses you.
You completely miss the jelly.
The jelly is moderately wounded.
The jelly hits you. The acid corrodes you!
You are splashed with acid.
You hit the jelly but do no damage.
Your hands burn!
The jelly is moderately wounded.
The jelly hits you. The acid corrodes you!
You are splashed with acid!
* * * LOW HITPOINT WARNING * * *
Your horns disappear.
The jelly hits you.
* * * LOW HITPOINT WARNING * * *
You are splashed with acid!
You die...

...#.......<#.#######....#.......
...####....)........+....+.......
............#.#######....#.....J.
....###.###.#.# #....#######.
....# #.# #.#.##### #....# ###.
....# #.# #.......# ###...
....###.#####.###.# #.....
#'#.##........###.#########..###J
#)#.##.>.......J@........... ##.
#.#.##.##########.######### ##.J
#.#.##.##...#####'###### #...
#.#.##.##..............# #...
..#.##.##..............# #...
###.##.##..............# #...
#.##.##..............# #...
#.##..'..............# #...
###'#####..............# ####


You could see a jelly.

Vanquished Creatures
  Jessica (D:2)
  Terence (D:2)
  3 gnolls (D:2)
  2 adders (D:2)
  2 worms (D:2)
  3 dart slugs
  3 endoplasms
  A giant cockroach (D:1)
  3 goblins
  2 hobgoblins
  5 jackals
  13 kobolds
  2 quokkas (D:1)
  2 ball pythons (D:1)
  2 bats
  8 rats
53 creatures vanquished.

Vanquished Creatures (others)
  12 toadstools (D:2)
12 creatures vanquished.

Grand Total: 65 creatures vanquished

Notes
Turn   | Place    | Note
-------+----------+-------------------------------------------
     0 | D:1      | PentaManta the Merfolk Transmuter began the quest for the
                  | Orb.
     0 | D:1      | Reached XP level 1. HP: 15/15 MP: 3/3
   319 | D:1      | Reached XP level 2. HP: 16/21 MP: 3/5
   960 | D:1      | Reached XP level 3. HP: 12/26 MP: 6/6
  1891 | D:2      | Noticed Terence
  2099 | D:1      | Learned a level 3 spell: Spider Form
  2107 | D:2      | Killed Terence
  2108 | D:2      | Reached XP level 4. HP: 24/32 MP: 0/7
  2800 | D:2      | Noticed Jessica
  3109 | D:2      | Killed Jessica
  3222 | D:2      | Reached XP level 5. HP: 27/37 MP: 8/8
  4283 | D:2      | Splashed by a jelly's acid

Illustrated notes

Levels and vault maps discovered:
D:1:      saegor_arrival_simple_e, layout_loops_corners,
          chequers_serial_rivers_room_b, minmay_crystal_room,
          nicolae_concentric_dashed_squares_mild,
          chequers_serial_rivers_micro_d, minmay_misc_feat_columns
D:2:      cheibrodos_fertilizer, layout_basic, shapermc_ecumenical_altar_venn,
          st_stairs_14, minmay_circle_x, uniq_jessica, uniq_terence
D:3:      layout_rooms, marbit_many_paths, minmay_increasing_density

Skill      XL: |  1  2  3 |
---------------+----------+-----
Dodging        | 3 4 |  4.6
Transmutations | 3 4 |  4.6
Unarmed Combat | 4 |  4.6
Fighting       | |  1.1
Spellcasting   | |  2.0

Action                   |  1- 3 |  4- 6 || total
-------------------------+-------+-------++-------
Melee: Unarmed           |   105 |    79 ||   184
       Headbutt          |     3 |    15 ||    18
       Punch             |       |     4 ||     4
 Cast: Beastly Appendage |     5 |     8 ||    13
       Spider Form       |     1 |     1 ||     2
 Stab: Sleeping          |     1 |       ||     1
Armor: Robe              |    27 |    24 ||    51
       Skin              |     1 |       ||     1
Dodge: Dodged            |    51 |    51 ||   102
